[Event "1st Doppelbauer Kiel IM 2022"]
[Site "Kiel"]
[Date "2022.06.30"]
[Round "1.1"]
[White "Lanka, Zigurds"]
[Black "Beeck, Mats"]
[Result "1/2-1/2"]
[ECO "C65"]
[WhiteElo "2397"]
[BlackElo "2169"]
[Annotator "TA"]
[PlyCount "63"]
[EventDate "2022.06.30"]
[EventType "tourn"]
[EventCountry "GER"]
[SourceTitle "playchess.com"]
[Source "ChessBase"]
[SourceQuality "1"]
[TimeControl "40/5400+30:1800+30"]

1. e4 e5 2. Nf3 Nc6 3. Bb5 Nf6 4. d3 Bc5 5. c3 O-O 6. O-O d6 7. h3 {7.Re1 is setting a new trend.} a6 {C65: Ruy Lopez: Berlin Defence (3...Nf6), unusual lines and 4 0-0 Bc5.} 8. Ba4 Re8 9. Re1 h6 10. Nbd2 b5 11. Bc2 a5 12. Nf1 d5 13. exd5 Qxd5 14. a4 b4 {[#]} 15. Ne3 $146 ({Predecessor:} 15. Bb3 Qd6 16. Be3 bxc3 17. bxc3 Be6 18. Bxc5 Qxc5 19. Bxe6 Rxe6 20. d4 Qd6 21. Ne3 exd4 22. cxd4 {½-½ (52) Sherwood,R (2357)-Sherwood,A (2356) ICCF email 2020}) 15... Qd8 16. Nc4 e4 (16... bxc3 {is interesting.} 17. bxc3 e4 18. dxe4 Qxd1 19. Bxd1 Rxe4 20. Ne3 Ba6) 17. dxe4 Qxd1 $1 18. Rxd1 Nxe4 19. Be3 {[%cal Oc4e5] [#] Black must now prevent Nce5!} bxc3 20. bxc3 {Hoping for Bxe4.} Bxe3 21. Nxe3 Nxc3 22. Rd2 Ba6 23. Ra3 Ne2+ 24. Kh2 $1 Nb4 25. Bd1 Nf4 26. Rc3 c6 27. Bb3 Nfd3 28. Nc4 Bxc4 (28... Nc5 $1 $15 {was preferrable.} 29. Nd6 Nxb3 30. Rxb3 Re2) 29. Bxc4 $11 {The position is equal.} Ne5 30. Nxe5 Rxe5 31. Rd7 Rf5 32. Rf3 {[%emt 0:15:35] Weighted Error Value: White=0.09 (flawless) /Black=0.08 (flawless)} 1/2-1/2

[Event "1st Doppelbauer Kiel IM 2022"]
[Site "Kiel"]
[Date "2022.06.30"]
[Round "1.2"]
[White "Zavgorodniy, Sergiy"]
[Black "Fromm, Marius"]
[Result "1/2-1/2"]
[ECO "B50"]
[WhiteElo "2423"]
[BlackElo "2317"]
[Annotator "TA"]
[PlyCount "115"]
[EventDate "2022.06.30"]
[EventType "tourn"]
[EventCountry "GER"]
[SourceTitle "playchess.com"]
[Source "ChessBase"]
[SourceQuality "1"]
[TimeControl "40/5400+30:1800+30"]

1. e4 c5 2. Nf3 d6 3. c3 Nf6 4. Be2 Bd7 5. d3 g6 6. O-O {B50: Sicilian: 2...d6, Miscellaneous.} Bg7 7. Re1 Nc6 8. h3 O-O 9. Bf1 e5 10. a3 b5 {[%cal Bb7b5,Bb5b4][%mdl 32] [#]} 11. Be3 $146 ({Predecessor:} 11. Bg5 h6 12. Be3 a6 13. Nbd2 Re8 14. b4 cxb4 15. axb4 d5 16. Bc5 Be6 17. exd5 Nxd5 {½-½ (40) Gallagher,J (2543)-Lim,Y (2346) Mallorca 2004}) 11... a5 12. a4 b4 13. Nbd2 Re8 14. Qc2 Rc8 15. Nc4 Qc7 16. Bg5 Nh5 17. Ne3 Be6 18. Nd5 Bxd5 19. exd5 Ne7 20. Bxe7 Rxe7 21. Nd2 Nf6 22. Qb3 Rb8 {And now ...bxc3 would win.} 23. Qc4 Bh6 24. Nb3 (24. Ne4 $15 Ne8 25. h4) 24... Qb7 $2 (24... Qd8 $17 {and life is bright. Hoping for ...Reb7.} 25. Re2 Reb7) 25. Rab1 $2 (25. Nxa5 $18 Qxd5 26. Qxd5 Nxd5 27. c4 (27. Nc6 bxc3 28. bxc3 Bd2 $18)) 25... Rc7 26. Be2 (26. Nxa5 $15 Qxd5 27. Qxd5 Nxd5 28. Nc4) 26... Bg7 ({Resist} 26... Nxd5 27. Bf3 e4 28. Qxe4 (28. Bxe4 Nb6 $11) 28... bxc3 29. Nxa5 $14 (29. Qxd5 Qxb3 30. Qxd6 Rcc8 $11)) (26... Qxd5 $17 {aiming for ...bxc3.} 27. Qxd5 Nxd5) 27. Bf3 (27. Nxa5 $11 Qxd5 28. Bf3) 27... Qa7 28. Nd2 (28. Qh4 $15) 28... Bh6 $1 $36 {[%mdl 2048] Black has strong initiative.} 29. Nf1 Nd7 (29... Rcb7 $17 {Threatens to win with ...bxc3.} 30. Qa2 Qb6) 30. Qh4 $1 $15 Bg7 31. Nd2 Nb6 32. Ne4 Rd7 $1 33. g4 (33. Nf6+ $15 Bxf6 34. Qxf6) 33... Nxd5 $17 34. c4 (34. Ng5 $17 {might work better.} Nf6 35. c4) 34... Nf4 $19 35. g5 Kh8 36. Bg4 Rdd8 ({Stronger than} 36... Nxd3 37. Re3 Nf4 38. Bxd7 Qxd7 39. Rd1 $11) 37. Re3 Qe7 38. Rbe1 Rg8 39. Rf3 Rbf8 40. Nf6 Bxf6 41. gxf6 Qd8 (41... Qe8 $19 42. Rxf4 g5) 42. Qg5 $17 Ne6 43. Bxe6 fxe6 44. Re4 $2 {[%mdl 8192] [#]} (44. d4 $1 $15 cxd4 45. c5) 44... Rf7 $1 $19 45. Rh4 Rgf8 46. Rh6 $2 (46. Qh6 {was worth a try.}) 46... Qa8 (46... Rxf6 $142 47. Qh4 Rxf3 48. Rxh7+ Kg8 49. Rh8+ Kf7 50. Qxd8 Rxd8 51. Rxd8 Rxd3) 47. Rg3 Rxf6 48. Qh4 Qb7 49. Rgxg6 Rxf2 (49... Rxg6+ $17 50. Rxg6 Qd7) 50. Qxf2 $15 Rxf2 51. Kxf2 $17 {[%mdl 4096] Endgame [#] KQ-KRR} e4 (51... d5 $1 $17 52. Rxe6 dxc4 53. Re8+ Kg7) 52. Rxe6 $11 exd3 53. Rxd6 ({Not} 53. Re8+ $2 Kg7 54. Rhe6 Kf7 $19) 53... Qe4 {...Qf4+ is the strong threat.} 54. Rd8+ {The position is equal.} Kg7 55. Rhd6 Qe2+ 56. Kg3 Qe5+ 57. Kf3 Qf5+ 58. Kg3 {[%emt 0:57:35] And White is the lucky defender.  Weighted Error Value: White=0.37/Black=0.36} 1/2-1/2

[Event "1st Doppelbauer Kiel IM 2022"]
[Site "Kiel"]
[Date "2022.06.30"]
[Round "1.3"]
[White "Junge, Ralph"]
[Black "Arndt, Magnus"]
[Result "0-1"]
[ECO "A45"]
[WhiteElo "2224"]
[BlackElo "2343"]
[Annotator "TA"]
[PlyCount "80"]
[EventDate "2022.06.30"]
[EventType "tourn"]
[EventCountry "GER"]
[SourceTitle "playchess.com"]
[Source "ChessBase"]
[SourceQuality "1"]
[TimeControl "40/5400+30:1800+30"]

1. d4 Nf6 2. Bg5 Ne4 3. Bf4 d5 4. e3 c5 5. Nd2 Nxd2 6. Qxd2 {A45: Trompowsky Attack.} Nc6 {6...cxd4 is not played anymore.} 7. Nf3 e6 8. Be2 {The position is equal.} Bd6 9. dxc5 Bxc5 10. O-O O-O 11. Rfd1 {[#]} Qf6 $146 ({Predecessor:} 11... Qe7 12. Bg3 Rd8 13. a3 a5 14. Bb5 Bd7 15. Bc7 Rdc8 16. Bxc6 Rxc7 17. Bxd7 Rxd7 {½-½ (60) Halkias,S (2502)-Andres Gonzalez,A (2362) Aviles 2000}) 12. c4 dxc4 13. Bxc4 e5 14. Bg5 Qg6 15. Qd5 Bg4 {Strongly threatening ...Bxf3.} 16. Bh4 {[#]} (16. Nxe5 Nxe5 17. Qxe5 Bxd1 18. Rxd1 h6 $17) (16. Qxc5 $11 Bxf3 17. gxf3 Qxg5+ 18. Kh1) 16... e4 $1 $36 {[%mdl 2048] And now ...Bxf3 would win. Black is in control.} 17. Bg3 {[#]} Be7 {Threatens to win with ...Rad8.} ({Of course not} 17... exf3 $6 18. Qxc5 (18. gxf3 Bxe3 19. Bd3 Qh5 $17) 18... fxg2 19. Rd6 $11) 18. Nh4 $2 {This costs White the game.} (18. Ne5 $17 Nxe5 19. Qxe5 Bxd1 20. Rxd1) 18... Bxh4 $19 19. Bxh4 Bf3 ({But not} 19... Bxd1 $2 20. Qxd1 Ne5 21. Be2 $19) (19... Be6 $142 20. Qd6 Bxc4 21. Qxg6 hxg6) 20. Qg5 (20. Bf1 $142 Bxd1 21. Rxd1) 20... Qxg5 ({Inferior is} 20... Bxd1 21. Qxg6 hxg6 22. Rxd1 $17) 21. Bxg5 Bxd1 22. Rxd1 h6 23. Bf4 Rfd8 24. Rb1 Rd2 25. g4 Rad8 26. Bb3 Rc8 27. a3 (27. Rc1 {was worth a try.}) 27... a6 28. Kf1 $2 (28. Rc1) 28... Na5 29. Bd1 Nc4 30. Ke1 Rxb2 31. Rc1 Nb6 32. Ra1 Nd7 {Prevents Be5. Black is clearly winning.} 33. h4 Nc5 {...Nd3+ is the strong threat.} 34. Bg3 Nd3+ 35. Kf1 Rc1 36. Rxc1 Nxc1 37. g5 hxg5 38. hxg5 Nd3 39. Bg4 g6 {Inhibits Bf5.} 40. Bc8 a5 {Weighted Error Value: White=0.40/Black=0.13 (very precise)} 0-1

[Event "1st Doppelbauer Kiel IM 2022"]
[Site "Kiel"]
[Date "2022.06.30"]
[Round "1.4"]
[White "Ermitsch, Magnus"]
[Black "Barseghyan, Armen Ar."]
[Result "0-1"]
[ECO "B36"]
[WhiteElo "2222"]
[BlackElo "2378"]
[Annotator "TA"]
[PlyCount "86"]
[EventDate "2022.06.30"]
[EventType "tourn"]
[EventCountry "GER"]
[SourceTitle "playchess.com"]
[Source "ChessBase"]
[SourceQuality "1"]
[TimeControl "40/5400+30:1800+30"]

1. e4 c5 2. Nf3 Nc6 3. d4 cxd4 4. Nxd4 g6 5. c4 Nf6 6. Nc3 d6 7. Be2 Nxd4 8. Qxd4 Bg7 9. O-O O-O 10. Qd3 {[%emt 0:00:30] B36: Sicilian: Maroczy Bind: Gurgenidze System.} a5 11. Be3 a4 12. Bd4 {[%emt 0:00:30] White is slightly better.} Bd7 13. b4 axb3 14. axb3 Bc6 15. b4 b6 16. Nd5 Bxd5 17. cxd5 Qc7 18. Qe3 Rxa1 $1 19. Rxa1 {[%emt 0:00:30] [#]} Rc8 $146 ({Predecessor:} 19... Nd7 20. Bxg7 Kxg7 21. Bb5 Rb8 22. Bc6 Ne5 23. f4 Ng4 24. Qd4+ Kg8 25. h3 Nf6 {1-0 (36) Asadli,V (2538)-Fidalgo,A (2282) Lisbon 2020}) 20. Bxb6 (20. h3 $14) 20... Qc2 $11 21. Bd3 Ng4 {[%emt 0:00:30][%csl LRa1,LRe3][%mdl 1024] Black has compensation.} 22. Qg3 Qc3 23. Rf1 Rb8 24. Ba7 {[%emt 0:00:30] A strong pair of Bishops.} Ra8 25. Qxg4 Rxa7 26. Be2 (26. Rd1 $11) 26... h5 $15 27. Qh3 Qxb4 28. Qd3 ({White should try} 28. Qc8+ $15 Kh7 29. Bf3) 28... Ra4 $17 29. f3 Ra2 30. Rb1 (30. Rd1 $17 {was worth a try.}) 30... Qc5+ 31. Kf1 {[%emt 0:00:30] [#]} Ra3 $2 (31... Bd4 $1 $19 {[%cal Rd4g1] aiming for ...Bg1.} 32. f4 Bg1) 32. Qb5 $1 $15 Qe3 {[%emt 0:00:30] Threatens to win with ...Bd4.} 33. Qe8+ Bf8 $1 34. Qb8 ({Of course not} 34. Bc4 h4 35. h3 Rc3 $17) 34... Ra2 35. Qb5 h4 $40 {[%emt 0:00:30][%cal Oh4h3][%mdl 128] White is in trouble.} 36. Qd3 Qf4 {[%emt 0:00:30] Black is more active.} 37. Kg1 (37. Qc4 $17 Ra5 38. Qc8) 37... Rd2 38. Qc4 Bg7 {[%emt 0:00:30] And now ...Bd4+ would win.} ({Avoid the trap} 38... Qe3+ $2 39. Kf1 $19) 39. Qc8+ $2 (39. e5 Qxe5 40. Kf1) 39... Kh7 $19 {[%emt 0:00:30] ( -> ...Qe3+)} 40. Bf1 Bd4+ 41. Kh1 Qe3 {[%emt 0:30:30][%csl Gd4][%cal Re3g1] Black mates.} 42. Ba6 {[%emt 0:00:30] [#]} Rxg2 $3 43. Qc1 (43. Qg8+ Kxg8) 43... Qf2 {[%emt 0:00:30] Weighted Error Value: White=0.52/Black=0.29 (precise)} 0-1

[Event "1st Doppelbauer Kiel IM 2022"]
[Site "Kiel"]
[Date "2022.06.30"]
[Round "1.5"]
[White "Fischer, Daniel"]
[Black "Kopylov, Daniel"]
[Result "0-1"]
[ECO "B32"]
[WhiteElo "2367"]
[BlackElo "2292"]
[Annotator "TA"]
[PlyCount "76"]
[EventDate "2022.06.30"]
[EventType "tourn"]
[EventCountry "GER"]
[SourceTitle "playchess.com"]
[Source "ChessBase"]
[SourceQuality "1"]
[TimeControl "40/5400+30:1800+30"]

1. e4 c5 2. Nf3 Nc6 3. d4 cxd4 4. Nxd4 e5 5. Nb5 d6 6. N1c3 a6 7. Na3 Be6 8. Nc4 Rb8 {Nowadays more popular than 8...b5. B32: Sicilian: Löwenthal and Kalashnikov Variations.} (8... b5 $5 9. Ne3 Nf6 $11) 9. Nd5 Bxd5 10. exd5 ({Reject} 10. Qxd5 Nd4 11. Kd1 b5 $15) 10... Nce7 {White has an edge.} 11. a4 Nf6 12. g4 {[#] And now g5 would win.} Qc7 $146 (12... Nexd5 $2 13. g5 $18) (12... Nfxd5 $2 13. Bg2 $18) ({Predecessor:} 12... h6 13. h4 Ng6 14. a5 Be7 15. Ne3 Nd7 16. h5 Nf4 17. Nf5 O-O 18. Bxf4 exf4 {½-½ (41) Marek,M (2366)-Sokolin,L (2482) Ledyard 2022}) 13. g5 (13. b3 $142) 13... Nfxd5 $11 14. a5 Rd8 15. Qd3 Nb4 16. Qb3 {[#]} Nec6 {Hoping for ...d5.} 17. c3 d5 18. Nb6 {[#]} (18. Nd2 $142) 18... Nxa5 $1 $19 19. Rxa5 {Threatens to win with Be3.} Qxb6 20. Ra3 Qc6 {Strongly threatening ...d4.} 21. Rg1 $2 (21. Be2 d4 22. O-O) 21... d4 22. Bg2 {Inhibits Qe4+.} Nd3+ {Black is clearly winning.} 23. Kd1 (23. Kf1 $142 e4 24. Ra1) 23... Qd7 24. Ra5 Nc5 25. Qc4 dxc3+ 26. Ke2 cxb2 27. Be3 b5 28. Qc3 Qg4+ 29. f3 {[#]} Qxg2+ $3 30. Rxg2 {[#]} b1=Q $1 31. Bxc5 (31. Ra1 Qf5) 31... Qd1+ 32. Kf2 Bxc5+ 33. Qxc5 Qd2+ 34. Kg3 Qxa5 35. Qxe5+ Kf8 36. Re2 Qb4 37. Rc2 Qe7 38. Qf4 h6 {White did not feel at home in the position after the opening.  Weighted Error Value: White=0.65/Black=0.11 (very precise)} 0-1

[Event "1st Doppelbauer Kiel IM 2022"]
[Site "Kiel"]
[Date "2022.06.30"]
[Round "2.1"]
[White "Beeck, Mats"]
[Black "Kopylov, Daniel"]
[Result "0-1"]
[ECO "A34"]
[WhiteElo "2169"]
[BlackElo "2292"]
[Annotator "TA"]
[PlyCount "170"]
[EventDate "2022.06.30"]
[EventType "tourn"]
[EventCountry "GER"]
[SourceTitle "playchess.com"]
[Source "ChessBase"]
[SourceQuality "1"]
[TimeControl "40/5400+30:1800+30"]

1. Nf3 Nf6 2. c4 c5 3. Nc3 d5 4. cxd5 Nxd5 5. e3 Nxc3 6. dxc3 {[%emt 0:04:20] A34: Symmetrical English: 2 Nc3, lines with ...d5.} Qc7 7. e4 Nc6 8. Bc4 {[%emt 0:05:22] The position is equal.} e6 9. O-O {[%emt 0:03:31] [#]} Be7 $146 ({Predecessor:} 9... Bd6 10. Bg5 h6 11. Bh4 O-O 12. Qe2 Na5 13. e5 Nxc4 14. Qxc4 Bxe5 15. Nxe5 Qxe5 16. Be7 Re8 17. Qxc5 Qxc5 {½-½ (17) Bu,X (2710)-Svidler,P (2751) Tbilisi 2017}) 10. Qe2 b6 11. Rd1 Bb7 12. Ba6 (12. Ng5 {seems wilder.} Na5 13. Bb5+ Bc6 14. Nh3) 12... O-O 13. Bxb7 Qxb7 14. Bf4 Rfd8 15. Nd2 b5 16. e5 Rd5 17. Nf1 (17. Ne4 $5 ) 17... Rad8 18. Rxd5 Rxd5 19. a4 a6 20. Ne3 {[%emt 0:04:27] Strongly threatening axb5.} Rd7 21. axb5 axb5 22. h3 c4 23. b3 (23. Qf3 $11) 23... cxb3 $17 24. Qb2 b4 25. Qxb3 Rd3 26. Nd1 Nd4 {[%emt 0:09:39] Inhibits Qc2.} 27. Qb2 Nf5 {[%emt 0:08:39] 0x0.00166ffd9abcdp-1022s more active pieces.} 28. cxb4 (28. Qe2 $17 {is a better defense.} Nh4 29. f3) 28... g5 (28... Bxb4 29. Ne3 Rd2 30. Qb1 $11 (30. Qxb4 $2 Qxb4 31. Ra8+ Qf8 $19)) (28... Qe4 $19 {has better winning chances.} 29. Qc2 Qe1+ 30. Kh2 Rd8) 29. Be3 Qd5 $40 {[%emt 0:02:52][%mdl 1152] Black has strong compensation. White needs to defend precisely.} 30. Qe2 Nh4 $1 31. f3 Nf5 32. Bf2 Rd2 (32... Bxb4 $142 {And now ...Rd2 would win.} 33. Qf1 Rd2) 33. Qf1 (33. Ra8+ $2 Kg7 34. Nc3 Rxe2 $19) (33. Qe1 $17) 33... Qxe5 (33... Bxb4 $19 34. Ne3 Nxe3 35. Bxe3 Bc5) 34. Qe1 $15 Re2 35. Qc3 Qd5 36. Ne3 $2 (36. b5 $1 $11 {and White is okay.}) 36... Nxe3 $19 37. Bxe3 {[%emt 0:00:01] [#]} Bxb4 38. Qxb4 $11 Rxe3 $19 {[%emt 0:00:02][%mdl 4096] Endgame KQR-KQR} 39. Qb8+ Kg7 40. Qb2+ (40. Ra8 $1 $11) 40... Kg6 41. Qc2+ Kg7 {[%emt 0:04:48] aiming for ...Qd4.} 42. Qb2+ e5 43. Kh1 h5 44. Qb4 Re2 45. Rc1 Qd2 (45... Rd2 {looks sharper.} 46. Rc8 Rd1+ 47. Kh2 Qd6) 46. Qxd2 Rxd2 $17 {[%emt 0:00:01] KR-KR} 47. Kg1 h4 48. Rc5 Kf6 49. Rc7 Ke6 50. Kf1 f6 51. Ra7 Kf5 {[%emt 0:01:35] Hoping for ...Kf4.} 52. Ra6 Kg6 53. Rb6 Kf7 54. Ra6 f5 55. Rb6 Rd4 56. Ke2 e4 57. fxe4 Rxe4+ 58. Kf2 Re6 59. Rb5 Kg6 60. Ra5 Rb6 61. Rc5 Rd6 62. Rb5 Rd2+ 63. Kf3 Rd3+ 64. Kf2 g4 (64... Kf6 $17 65. Ra5 Ke6) 65. hxg4 (65. Rb6+ $1 $11 {remains equal.} Kg5 66. hxg4) 65... fxg4 66. Rb6+ Kf5 67. Rb5+ Ke4 $1 68. Rb8 Rd2+ 69. Kf1 Rd3 ({Of course not} 69... h3 $6 70. gxh3 gxh3 71. Kg1 $11) (69... Kf5 $17 70. Rf8+ Ke5) 70. Ke2 (70. Kf2 $1 $11) 70... Rd4 71. Rf8 (71. Rh8 Kf4 72. Kf2 (72. Rxh4 $2 Kg3 $19) 72... Rd2+ 73. Ke1 Ra2 74. Rxh4 Kg3 $19) 71... Ra4 {[%emt 0:00:05] ...Ra1 is the strong threat.} 72. Kf2 Ra2+ 73. Kg1 {[%emt 0:01:01] [#]} Ke3 (73... g3 $1 $17 74. Re8+ Kd3 75. Rd8+ Kc4 76. Rc8+ Kd5 77. Rd8+ Ke6 78. Re8+ Kd6) 74. Rf1 (74. g3 $11 {keeps the balance.}) 74... Rd2 75. Kh1 Ke2 76. Rf8 {[%emt 0:00:22] [#]} Rd1+ ({Better is} 76... g3 $1 $17 {( -> ...Rd1+)} 77. Re8+ Kd3 78. Rd8+ Kc2 79. Rc8+ Kd3 80. Rd8+ Ke2 81. Re8+ Kf1) 77. Kh2 $11 g3+ 78. Kh3 Rh1+ 79. Kg4 Rf1 80. Re8+ $2 (80. Rb8 $11) 80... Kf2 {[%emt 0:00:13] Black mates.} 81. Kxh4 Kxg2 82. Kg4 Ra1 83. Re4 Kh2 84. Kf3 Rf1+ 85. Ke2 g2 {[%emt 0:00:20] Weighted Error Value: White=0.27 (precise) /Black=0.21 (precise)} 0-1

[Event "1st Doppelbauer Kiel IM 2022"]
[Site "Kiel"]
[Date "2022.06.30"]
[Round "2.2"]
[White "Barseghyan, Armen Ar."]
[Black "Fischer, Daniel"]
[Result "1/2-1/2"]
[ECO "D27"]
[WhiteElo "2378"]
[BlackElo "2367"]
[Annotator "TA"]
[PlyCount "255"]
[EventDate "2022.06.30"]
[EventType "tourn"]
[EventCountry "GER"]
[SourceTitle "playchess.com"]
[Source "ChessBase"]
[SourceQuality "1"]
[TimeControl "40/5400+30:1800+30"]

1. d4 Nf6 2. c4 e6 3. Nf3 d5 4. Nc3 dxc4 5. e3 a6 6. a4 c5 7. Bxc4 Nc6 8. O-O Be7 9. dxc5 Qxd1 10. Rxd1 Bxc5 11. Bd2 Ke7 12. a5 Rd8 13. Na4 Ba7 14. b4 Ne4 15. Be1 Rxd1 16. Rxd1 Bd7 17. Bd3 Nf6 18. Rb1 Rc8 19. Nc5 Bxc5 20. bxc5 Rc7 21. Bc3 Bc8 22. Nd2 g6 23. e4 Nd7 24. Nb3 e5 25. Bc4 Nf6 26. Bd5 Be6 27. Bxc6 Rxc6 28. Nd2 Bc8 29. Rb6 Nd7 30. Rxc6 $1 bxc6 31. Nc4 f6 32. Nd6 Kd8 33. Bb4 Nf8 34. g3 Be6 35. Kg2 Nd7 36. Kf3 Ke7 37. Ke3 Kf8 38. Kd3 Ke7 39. Ba3 Nf8 40. Bc1 Nd7 41. Be3 Ba2 42. Kc2 Be6 43. Kc3 Ba2 44. f4 exf4 45. gxf4 Be6 46. Bf2 f5 47. Bh4+ Kf8 48. exf5 Bxf5 49. Kd4 Bh3 50. Bg5 Kg7 51. Be7 Kg8 52. Ne4 Kg7 53. Nd6 Kg8 54. Nb7 Kg7 55. Nd8 Bg2 56. Ke3 Bd5 57. Kf2 Be4 58. Kg3 Bd5 59. Kg4 Nf6+ 60. Bxf6+ Kxf6 61. Nb7 $1 Be6+ 62. Kf3 Bd5+ 63. Ke3 g5 64. Nd6 gxf4+ 65. Kxf4 Ke6 66. Ne8 Bc4 $1 67. Ke4 Bf1 68. Ng7+ Kf6 69. Nh5+ Ke6 70. Ng3 Bc4 71. Kd4 Bb5 72. Ne4 Kf5 73. Nd6+ Ke6 74. Ke4 (74. Nxb5 cxb5 75. Ke4 b4) 74... Bf1 75. Ne8 Bg2+ 76. Kd4 Bf1 77. Ng7+ Kf6 78. Nh5+ Ke6 79. Ke4 Bg2+ 80. Kd4 Bf1 81. Ng3 Bb5 82. Ke4 Bc4 83. Nh5 Bf1 84. Kd4 Bb5 85. Ng3 Kf6 86. Ke4 Ke6 87. Nh1 Bf1 88. Nf2 Bg2+ 89. Kd4 Bf1 90. Ng4 Bb5 91. Ke4 Bf1 92. Ne3 Be2 93. Nc2 Kf6 94. Nd4 Bf1 95. Kf4 Bg2 96. Nc2 Bf1 97. Nb4 Bb5 98. Ke4 Ke6 99. Nc2 Kf6 100. Kf4 Bf1 101. Nb4 Bb5 102. h4 Ke6 103. Ke4 Kf6 104. Nc2 Bf1 105. Kf4 Ke6 106. Ne3 Bd3 107. h5 Be2 108. h6 Bd3 109. Ng4 $1 Kd5 110. Ne5 Bb1 111. Nd7 Bd3 112. Kg5 Ke6 113. Nb8 Bb5 114. Kf4 Kf6 115. Nd7+ $1 Kg6 116. Ke5 $1 Kxh6 117. Kd6 Kg5 118. Ne5 h5 119. Nxc6 h4 120. Nd4 h3 121. Nxb5 h2 122. c6 $1 h1=Q 123. c7 $1 Qb7 124. Na7 Qb4+ 125. Kc6 Qxa5 126. c8=Q Qc3+ 127. Kb7 Qxc8+ 128. Nxc8 1/2-1/2

[Event "1st Doppelbauer Kiel IM 2022"]
[Site "Kiel"]
[Date "2022.06.30"]
[Round "2.4"]
[White "Fromm, Marius"]
[Black "Junge, Ralph"]
[Result "1-0"]
[ECO "C18"]
[WhiteElo "2317"]
[BlackElo "2224"]
[Annotator "TA"]
[PlyCount "61"]
[EventDate "2022.06.30"]
[EventType "tourn"]
[EventCountry "GER"]
[SourceTitle "playchess.com"]
[Source "ChessBase"]
[SourceQuality "1"]
[TimeControl "40/5400+30:1800+30"]

1. e4 e6 2. d4 d5 3. Nc3 Bb4 4. e5 c5 5. a3 Ba5 6. b4 cxd4 7. Nb5 Bc7 8. f4 Bd7 9. Nxc7+ Qxc7 10. Nf3 {[%emt 0:00:00] C18: French: 3 Nc3 Bb4: Main line: 7 h4 and 7 Qg4.} Nc6 11. Bb2 Nge7 12. Bd3 {[%emt 0:00:12] White has an edge.} Nf5 13. Bxf5 exf5 14. O-O O-O 15. Bxd4 Nxd4 16. Nxd4 {[%emt 0:00:02] [#]} Ba4 $146 ({Predecessor:} 16... a5 17. Qd3 Rfc8 18. Rfd1 Qc4 19. Rab1 b5 20. Qxc4 Rxc4 21. bxa5 Rxa5 22. Rb3 h6 23. g3 Kh7 24. Kf2 g5 {½-½ (24) Weissleder,W (2477)-Schwenteck,C (2272) GER email 2007}) 17. Kh1 g6 18. Rf3 Qb6 19. Rg3 Kh8 20. Qd2 Rac8 21. Re1 Rc4 (21... Bd7 $14) 22. c3 $16 Bd7 {[%emt 0:06:49] [#] Prevents e6.} 23. h4 $1 Be6 24. h5 $1 Kg7 25. Rh3 {[%emt 0:02:24] White is much more active.} Rfc8 26. Ree3 Qc7 (26... Rg8 $142 27. hxg6 hxg6) 27. Qf2 (27. hxg6 $18 hxg6 28. Nb5) 27... Qe7 28. Qg3 {[%emt 0:05:57] [#] Threatens to win with hxg6.} a6 $2 (28... h6 $16) 29. hxg6 $18 fxg6 30. Qg5 {[%emt 0:00:19] Prevents h6.} R4c7 31. Qf6+ {[%emt 0:00:09] Weighted Error Value: White=0.08 (flawless) /Black=0.30} 1-0

[Event "1st Doppelbauer Kiel IM 2022"]
[Site "Kiel"]
[Date "2022.06.30"]
[Round "2.5"]
[White "Lanka, Zigurds"]
[Black "Zavgorodniy, Sergiy"]
[Result "1/2-1/2"]
[ECO "B32"]
[WhiteElo "2397"]
[BlackElo "2423"]
[Annotator "TA"]
[PlyCount "45"]
[EventDate "2022.06.30"]
[EventType "tourn"]
[EventCountry "GER"]
[SourceTitle "playchess.com"]
[Source "ChessBase"]
[SourceQuality "1"]
[TimeControl "40/5400+30:1800+30"]

1. e4 c5 2. Nf3 Nc6 3. d4 cxd4 4. Nxd4 e5 5. Nb5 a6 6. Nd6+ Bxd6 7. Qxd6 Qe7 8. Qxe7+ Ngxe7 9. c3 {[%emt 0:00:15] B32: Sicilian: Löwenthal and Kalashnikov Variations.} d5 10. exd5 Nxd5 11. Bd3 Be6 12. O-O {[%emt 0:00:12] [#]} O-O-O $146 ({Predecessor:} 12... Rd8 13. Bc2 O-O 14. Re1 Rd7 15. Nd2 Nf4 16. Ne4 Nd3 17. Bxd3 Rxd3 18. Nc5 Rd6 19. Nxb7 Rd5 20. Be3 Rb5 21. Nc5 Rxb2 22. Nxe6 fxe6 {½-½ (22) Schulz,B (1882)-Krueger,G (1815) Mecklenburg VP 2016}) 13. Bc2 f6 14. Re1 g5 15. Nd2 Nf4 (15... h6 $11) 16. Ne4 $14 Rhf8 17. Be3 Kc7 18. Ng3 (18. Nc5 $16 {Black must now prevent Bxf4.} Bg8 19. f3) 18... Nd3 $36 {[%emt 0:02:06][%mdl 2048] Black fights for an advantage. The position is equal.} 19. Bxd3 Rxd3 20. f3 Ne7 21. a4 Nf5 22. Nxf5 Bxf5 23. a5 {[%emt 0:00:49] Weighted Error Value: White=0.18 (very precise) /Black=0.14 (very precise)} 1/2-1/2